 Dungeon Crawl Stone Soup version 0.28-b1-1-g3c77fb2ed1 (webtiles) character file.

Game seed: 6059742909909428554

2905 cbfl8 the Cleaver (level 9, -2/79 HPs)
             Began as a Minotaur Delver on Jan 28, 2022.
             Was an Initiate of Yredelemnul.
             Slain by a two-headed ogre (20 damage)
             ... on level 7 of the Dungeon.
             The game lasted 00:18:42 (7413 turns).

cbfl8 the Cleaver (Minotaur Delver)                 Turns: 7413, Time: 00:18:43

Health: -2/79      AC: 16    Str: 21    XL:     9   Next: 49%
Magic:  8/8        EV: 13    Int:  7    God:    Yredelemnul [......]
Gold:   336        SH:  0    Dex: 12    Spells: 8/8 levels left

rFire   . . .      SeeInvis .   F - +3 quarterstaff (chaos)
rCold   . . .      Faith    +   (shield currently unavailable)
rNeg    . . .      Spirit   .   v - +0 chain mail
rPois   .          Reflect  .   (helmet restricted)
rElec   .          Harm     .   G - +1 cloak
rCorr   .          Rampage  .   (no gloves)
Will    .....                   (no boots)
Stlth   ..........              n - amulet of faith
HPRegen 0.23/turn               m - +4 ring of protection
MPRegen 0.11/turn               p - +4 ring of evasion

@: no status effects
A: horns 2, retaliatory headbutt
a: Renounce Religion, Recall Undead Harvest


You were on level 7 of the Dungeon.
You worshipped Yredelemnul.
Yredelemnul was noncommittal.
You visited 1 branch of the dungeon, and saw 7 of its levels.

You collected 336 gold pieces.

Inventory:

Hand Weapons
 a - a +0 hand axe
 z - a +0 trident of protection
 A - a +0 dagger of speed
 F - a +3 quarterstaff of chaos (weapon)
Armour
 b - a +0 leather armour
 v - a +0 chain mail (worn)
 G - a +1 cloak (worn)
Jewellery
 m - a +4 ring of protection (left hand)
 n - an amulet of faith (around neck)
 p - a +4 ring of evasion (right hand)
 s - a ring of protection from cold
 u - a ring of magical power
 x - an amulet of reflection
Wands
 d - a wand of acid (14)
 g - a wand of digging (3)
 w - a wand of iceblast (7)
 y - a wand of flame (26)
 C - a wand of mindburst (9)
Scrolls
 c - a scroll of fog
 e - 3 scrolls of teleportation
 f - a scroll of vulnerability {unknown}
 i - 2 scrolls of enchant armour {unknown}
 k - a scroll of torment {unknown}
 l - a scroll of immolation {unknown}
 r - 2 scrolls of identify {unknown}
 t - a scroll of fear
 B - a scroll of amnesia {unknown}
 D - a scroll of summoning {unknown}
Potions
 h - 3 potions of curing {unknown}
 j - a potion of heal wounds {unknown}
 o - 2 potions of might {unknown}
 q - a potion of lignification {unknown}
 E - a potion of mutation {unknown}


   Skills:
 + Level 7.1 Fighting
 + Level 8.5(9.2) Axes
 + Level 5.2(7.6) Polearms
 + Level 6.3 Armour
 + Level 5.2 Dodging
 + Level 6.4 Stealth
 + Level 1.1 Invocations


You had 8 spell levels left.
You didn't know any spells.
Your spell library contained the following spells:

 Spells                   Type           Power      Damage    Failure   Level
 Magic Dart               Conj           0%         1d3       98%         1
 Call Imp                 Summ           0%         N/A       99%         2
 Dazzling Flash           Conj/Hex       0%         N/A       100%        3
 Gell's Gravitas          Tloc           0%         N/A       100%        3
 Mephitic Cloud           Conj/Pois/Air  0%         N/A       100%        3
 Teleport Other           Tloc           0%         N/A       100%        3
 Agony                    Necr           0%         N/A       100%        5
 Silence                  Hex/Air        0%         N/A       100%        5
 Dispersal                Tloc           0%         N/A       100%        6


Dungeon Overview and Level Annotations

Branches:
Dungeon (7/15)
 Temple: D:4-7

Altars:
Hepliaklqana
Vehumet
Yredelemnul
Zin

Shops:
D:4 *   D:6 *

Annotations:
D:3 Sigmund


Innate Abilities, Weirdness & Mutations

You have a pair of horns on your head.
You reflexively headbutt those who attack you in melee.


Message History

You swap places.
You swap places.
You can now trade souls for undead servants.
You swap places.
You swap places.
There is a stone staircase leading down here.
You climb downwards.
Your mindless puppet stays behind to rot.
Found a stone staircase leading down.
There is a stone staircase leading up here.
Nothing appears to have answered your call.
There is a stone staircase leading up here.
Found an escape hatch in the floor.
Found 14 gold pieces.
Found a scroll labelled QURAHU HAGAU.
A two-headed ogre comes into view. It is wielding two +0 giant clubs.
You sock the two-headed ogre! You freeze the two-headed ogre.
You headbutt the two-headed ogre, but do no damage.
The two-headed ogre is moderately wounded.
The two-headed ogre hits you with a +0 giant club! x2
You barely miss the two-headed ogre.
The two-headed ogre is moderately wounded.
The two-headed ogre misses you.
The two-headed ogre hits you with a +0 giant club!
You hit the two-headed ogre.
The two-headed ogre is poisoned.
The two-headed ogre is moderately wounded.
The two-headed ogre hits you with a +0 giant club!!
The two-headed ogre misses you.
You sock the two-headed ogre! You headbutt the two-headed ogre!
The two-headed ogre is severely wounded.
The two-headed ogre closely misses you. You furiously retaliate!
You headbutt the two-headed ogre. The two-headed ogre barely misses you.
You sock the two-headed ogre!
The two-headed ogre flickers and vanishes!
Deactivating autopickup; reactivate with Ctrl-A.
Something hits you!
* * * LOW HITPOINT WARNING * * *
Something hits you!!
You die...
Your body rises from the dead as a mindless zombie.

.... ^.............
..... #...........
#... #.>......# #..#
##......# #..
###.>....#
#..####.......#
#..##....##..# .
#.....#####..###....
#.<.### ##@{......
#..## #........
#..## #..#.....
..... ..###.?..
#....# ..# ....
#.... .... ... .....
.... .. ..... .....
....


There were no monsters in sight!

Vanquished Creatures
  The ghost of Ilusedd the Fighter, a novice MiFi of Okawaru (D:6)
  Grinder (D:4)
  An orc warrior (D:5)
  A black bear (D:4)
  An ice beast (D:6)
  4 ogres
  A centaur (D:5)
  2 phantoms
  A kobold brigand (D:6)
  3 bullfrogs (D:6)
  A scorpion (D:3)
  A water moccasin zombie (D:5)
  A hound (D:5)
  A jelly (D:6)
  An orc priest (D:5)
  Crazy Yiuf (D:6)
  Jessica (D:2)
  3 iguanas (D:5)
  3 orc wizards
  Natasha (thrice) (D:3)
  Robin (D:4)
  7 gnolls
  7 adders
  A howler monkey skeleton (D:3)
  2 river rats (D:6)
  An ufetubus (D:6)
  An orc zombie (D:6)
  An adder zombie (D:3)
  2 worms
  2 dart slugs
  7 orcs
  5 bats
  6 endoplasms
  5 giant cockroaches
  9 goblins
  12 hobgoblins
  14 kobolds
  5 quokkas
  5 ball pythons
  A frilled lizard (D:3)
  A goblin zombie (D:6)
  2 rats
129 creatures vanquished.

Vanquished Creatures (collateral kills)
  2 centaurs
  A wyvern skeleton (D:4)
  An orc priest (D:5)
  2 orc wizards (D:5)
  A gnoll (D:4)
  2 ufetubi
  A dart slug (D:3)
  3 orcs
  A ball python (D:1)
  4 goblins
  2 hobgoblins (D:4)
  A quokka (D:4)
  A frilled lizard (D:3)
  A rat (D:3)
23 creatures vanquished.

Vanquished Creatures (others)
  A centaur zombie (D:5)
  A hound zombie (D:5)
  2 gnoll zombies (D:3)
  2 ball python zombies (D:3)
  A giant cockroach zombie (D:4)
  2 hobgoblin zombies
  6 orc zombies
  2 quokka zombies (D:5)
  A spectral endoplasm (D:4)
  A spectral ufetubus (D:6)
  11 plants
30 creatures vanquished.

Grand Total: 182 creatures vanquished

Notes
Turn   | Place    | Note
-------+----------+-------------------------------------------
     0 | D:5      | cbfl8 the Minotaur Delver began the quest for the Orb.
     0 | D:5      | Reached XP level 1. HP: 19/19 MP: 0/0
    38 | D:4      | Reached XP level 2. HP: 27/27 MP: 1/1
    55 | D:4      | Noticed Grinder
   210 | D:3      | Found a basalt altar of Yredelemnul.
   219 | D:3      | Became a worshipper of Yredelemnul the Dark
   323 | D:3      | Reached XP level 3. HP: 23/33 MP: 2/2
   687 | D:3      | Reached * piety under Yredelemnul
   690 | D:3      | Reached skill level 3 in Axes
   690 | D:3      | Reached skill level 5 in Stealth
   690 | D:3      | Reached XP level 4. HP: 13/40 MP: 3/3
   691 | D:3      | Reached skill level 1 in Armour
   691 | D:3      | Noticed an ogre
   955 | D:3      | Killed an ogre
   956 | D:3      | Reached XP level 5. HP: 29/47 MP: 4/4
  1134 | D:3      | Found a faded altar of an unknown god.
  1134 | D:3      | Noticed Sigmund
  1170 | D:3      | Noticed a phantom
  1184 | D:3      | Killed a phantom
  1185 | D:3      | Reached skill level 4 in Axes
  1185 | D:3      | Reached XP level 6. HP: 9/53 MP: 5/5
  2035 | D:1      | Reached ** piety under Yredelemnul
  2362 | D:2      | Noticed Jessica
  2370 | D:2      | Killed Jessica
  3758 | D:3      | Noticed Natasha
  3763 | D:3      | Killed Natasha
  3788 | D:3      | Noticed Natasha
  3793 | D:3      | Killed Natasha
  3874 | D:3      | Noticed Natasha
  3883 | D:3      | Killed Natasha
  4067 | D:4      | Paralysed by Grinder for 6 turns
  4082 | D:4      | Paralysed by Grinder for 5 turns
  4116 | D:4      | Paralysed by Grinder for 4 turns
  4122 | D:4      | Killed Grinder
  4123 | D:4      | Reached skill level 5 in Fighting
  4123 | D:4      | Reached skill level 5 in Axes
  4123 | D:4      | Reached XP level 7. HP: 27/61 MP: 6/6
  4382 | D:4      | Found a hazy altar of Hepliaklqana.
  4433 | D:4      | Reached skill level 6 in Axes
  4433 | D:4      | Reached XP level 8. HP: 28/70 MP: 7/7
  4739 | D:4      | Found Zin's Purification Station.
  4744 | D:4      | Found a glowing silver altar of Zin.
  4874 | D:4      | Noticed Robin
  4877 | D:4      | Reached *** piety under Yredelemnul
  4884 | D:4      | Killed Robin
  5537 | D:5      | Reached skill level 7 in Axes
  5991 | D:5      | Reached skill level 5 in Armour
  6361 | D:6      | Found Lprekhlu's Luxury Loot.
  6531 | D:6      | Reached skill level 8 in Axes
  6598 | D:6      | Found a radiant altar of Vehumet.
  6675 | D:6      | Reached skill level 5 in Dodging
  6696 | D:6      | Reached skill level 1 in Polearms
  6796 | D:6      | Reached XP level 9. HP: 78/78 MP: 8/8
  6809 | D:6      | Found a runed translucent door.
  6831 | D:6      | Noticed Ilusedd's ghost (novice MiFi)
  6871 | D:6      | Killed Ilusedd's ghost
  6989 | D:6      | Found a runed translucent door.
  7119 | D:6      | Reached skill level 5 in Polearms
  7126 | D:6      | Reached **** piety under Yredelemnul
  7263 | D:6      | Found a runed translucent door.
  7264 | D:6      | Noticed Crazy Yiuf
  7271 | D:6      | Killed Crazy Yiuf
  7272 | D:6      | Reached skill level 1 in Invocations
  7403 | D:7      | Noticed a two-headed ogre
  7413 | D:7      | Slain by a two-headed ogre

Illustrated notes

Levels and vault maps discovered:
D:1:      heliophobic_arrival_enchanted_forest, layout_basic,
          minmay_tetromino_t2
D:2:      layout_basic, uniq_jessica
D:3:      layout_basic, nicolae_overflow_crystal_walls,
          hellmonk_ecumenical_altar_arch_garden, saegor_snake_ambush,
          uniq_sigmund, uniq_natasha
D:4:      layout_cave_pools, zin_purify, old_standard_altar,
          guppyfry_early_lair_pool, uniq_grinder, uniq_robin
D:5:      layout_loops_ring, portal_sewer_entry_f, guppyfry_early_orc_mine
D:6:      layout_rooms, vehumet_altar_wand_db, ebering_ghost_sewer_f,
          nicolae_alphabet_shops, uniq_crazy_yiuf_cottage
D:7:      layout_layer_cave, general_overflow_altar, minmay_temple_entry_tees,
          nicolae_lava_and_water, feat_on_display

Skill      XL: |  1  2  3  4  5  6  7  8  9 |
---------------+----------------------------+-----
Fighting       | 4 5 6 7 |  7.1
Axes           | 3 4 5 6 8 |  8.5
Stealth        | 5 6 |  6.4
Armour         | 1 2 3 4 5 6 |  6.3
Dodging        | 3 4 5 |  5.2
Polearms       | 1 5 |  5.2
Invocations    | 1 |  1.1

Action                   |  1- 3 |  4- 6 |  7- 9 || total
-------------------------+-------+-------+-------++-------
Melee: Hand axe          |    46 |   108 |   149 ||   303
       Headbutt          |    10 |    22 |    48 ||    80
       Punch             |       |       |     3 ||     3
       Trident           |       |       |    90 ||    90
       Quarterstaff      |       |       |     5 ||     5
Invok: Recall Undead Har |       |     2 |     3 ||     5
       Dark Bargain      |       |       |     1 ||     1
  Use: Scroll            |       |     2 |     1 ||     3
       Potion            |       |     1 |       ||     1
 Stab: Sleeping          |     1 |     3 |     1 ||     5
       Distracted        |       |       |     3 ||     3
Armor: Leather armour    |     7 |    33 |    36 ||    76
       Chain mail        |       |       |   106 ||   106
Dodge: Dodged            |    30 |    77 |   216 ||   323
